Sabres vs Blackhawks (R1)

Created - October 30, 2023 at 19:19

Goals
1 2 3 T
Sabres 4 0 1 5
Blackhawks 1 1 1 3
Shots
1 2 3 T
Sabres 15 6 6 27
Blackhawks 8 13 7 28

1st period

1. Blackhawks , Johnny Gaudreau 5 (Jordan Staal 5, Jakob Silfverberg 2) at 3:40
2. Sabres , Logan Couture 1 (Adrian Kempe 2, Kyle Okposo 2) at 9:32
3. Sabres , Colton Parayko 2 (Sam Gagner 1, William Nylander 2) at 12:35
4. Sabres , Adrian Kempe 3 (Logan Couture 3) at 19:31
5. Sabres , Sidney Crosby 1 (Tyler Johnson 6, Teuvo Teravainen 5) at 19:45 (PP)

Penalties :
Calvin de Haan (Chi) for Roughing (Minor) at 9:43, Jordan Staal (Chi) for Hooking (Minor) at 19:34

2nd period

6. Blackhawks , Ben Harpur 2 (Stefan Matteau 1, Calvin de Haan 2) at 16:54

Penalties :
Aaron Ekblad (Buf) for Roughing (Minor) at 6:20, Sam Gagner (Buf) for Holding (Minor) at 14:20, Teuvo Teravainen (Buf) for Holding (Minor) at 18:11

3rd period

7. Sabres , Adrian Kempe 4 (Kyle Okposo 3) at 2:49
8. Blackhawks , Nick Bjugstad 5 (Antoine Roussel 2) at 4:40 (PP)

Penalties :
Teuvo Teravainen (Buf) for Hooking (Minor) at 3:00, Petter Granberg (Chi) for Hooking (Minor) at 8:49, Nick Bonino (Chi) for Roughing (Minor) at 13:31, Evgeni Malkin (Buf) for Hooking (Minor) at 17:17

Goalie Stats

John Gibson (Buf), 25 saves from 28 shots - (0.893), W, 4-2-0, 60:00 minutes
James Reimer (Chi), 11 saves from 15 shots - (0.733), L, 2-5-1, 19:45 minutes
Joe Cannata (Chi), 11 saves from 12 shots - (0.917), 40:15 minutes

Players Stats for Sabres

Player Name              G  A  P  +/- PIM S  H  SB GA TA FO     MP     PP MP  PK MP  
------------------------------------------------------------------------------------
Aaron Ekblad             0  0  0   1  2   0  2  1  0  0  0/0    22:09   4:10   0:00 
Adrian Kempe             2  1  3   2  0   2  0  1  1  0  0/0    13:39   1:58   1:48 
Ben Hutton               0  0  0   2  0   1  5  0  0  0  0/0    22:30   0:00   6:09 
Brian Ferlin             0  0  0   0  0   0  1  0  0  0  0/0    12:54   0:02   5:08 
Colton Parayko           1  0  1   2  0   4  2  0  0  1  0/0    24:23   4:10   6:14 
Evgeni Malkin            0  0  0   0  2   2  1  1  0  0  4/11   14:59   2:39   0:16 
Kyle Okposo              0  2  2   2  0   1  1  1  2  0  0/1    12:04   0:02   2:43 
Logan Couture            1  1  2   2  0   3  1  0  0  0  2/7    12:11   0:02   2:49 
Morgan Rielly            0  0  0  -2  0   1  0  0  0  0  0/0    16:54   1:58   0:05 
Nate Schmidt             0  0  0   2  0   0  0  1  0  0  0/0    14:54   0:00   3:22 
Nikita Zaitsev           0  0  0  -1  0   0  0  0  0  0  0/0    16:28   0:00   3:22 
Ryan Kesler              0  0  0   0  0   1  0  0  0  0  0/0     7:06   0:00   0:00 
Sam Gagner               0  1  1   0  2   3  1  0  2  1  1/1    14:28   2:39   0:00 
Sidney Crosby            1  0  1   0  0   3  1  2  0  0  15/27  19:08   3:27   0:00 
Teuvo Teravainen         0  1  1   0  4   2  1  1  1  0  1/3    20:14   3:27   1:04 
Tyler Johnson            0  1  1   0  0   2  2  1  1  1  1/1    19:08   3:27   0:00 
William Karlsson         0  0  0   0  0   0  1  0  2  1  2/10   12:28   0:00   5:10 
William Nylander         0  1  1   0  0   2  2  0  0  0  0/1    14:42   2:39   0:14 

Players Stats for Blackhawks

Player Name              G  A  P  +/- PIM S  H  SB GA TA FO     MP     PP MP  PK MP  
------------------------------------------------------------------------------------
Andrew Mangiapane        0  0  0   1  0   0  0  0  0  0  0/0     7:13   0:00   0:48 
Antoine Roussel          0  1  1  -2  0   1  2  0  0  1  0/0    18:05   4:25   1:35 
Ben Harpur               1  0  1   0  0   1  1  3  0  3  0/0    20:23   4:46   2:54 
Brett Maclean            0  0  0  -1  0   1  0  0  1  0  0/0    10:31   0:00   0:00 
Calvin de Haan           0  1  1   0  2   0  0  1  0  1  0/0    19:28   4:46   2:17 
Corey Perry              0  0  0  -1  0   1  0  0  0  0  0/0    11:09   0:00   0:00 
Jakob Silfverberg        0  1  1   0  0   3  1  0  0  0  0/0    20:05   5:11   0:00 
James Wright             0  0  0  -1  0   4  0  0  0  0  8/12   12:37   0:00   1:43 
Jamie McBain             0  0  0  -1  0   1  0  1  1  1  0/0    29:03   4:50   3:14 
Johnny Gaudreau          1  0  1   0  0   4  5  1  0  0  2/2    23:50   5:11   3:45 
Jordan Staal             0  1  1   0  2   2  1  0  1  1  15/30  23:34   5:11   3:30 
Mike Amadio              0  0  0   1  0   0  0  0  0  0  0/0     6:27   0:00   0:00 
Nick Bjugstad            1  0  1  -2  0   5  2  0  0  1  0/1    16:29   4:25   0:00 
Nick Bonino              0  0  0  -2  2   2  2  0  0  0  10/16  17:24   4:25   0:55 
Petter Granberg          0  0  0  -1  2   0  2  0  0  0  0/0    11:49   0:00   0:37 
Radko Gudas              0  0  0  -1  0   0  0  0  1  1  0/0    29:03   4:50   3:14 
Robert Hagg              0  0  0  -1  0   0  1  1  0  0  0/0    10:34   0:00   0:00 
Stefan Matteau           0  1  1   1  0   3  2  0  0  0  1/1     6:04   0:00   0:00 

3 Stars

1 - Adrian Kempe (Buf)
2 - Logan Couture (Buf)
3 - Colton Parayko (Buf)

Power Play

Sabres - 1 on 4 Attempt(s) - 25.00%
Blackhawks - 1 on 5 Attempt(s) - 20.00%

Penalty Kill

Sabres - 4 on 5 Attempt(s) - 80.00% - Score 0 goal in Penalty Kill
Blackhawks - 3 on 4 Attempt(s) - 75.00% - Score 0 goal in Penalty Kill

Team Stat

Sabres - Hits : 21 - Faceoff Wins : 26 - Blocked Shots : 9 - Penalty Minutes : 10
Blackhawks - Hits : 19 - Faceoff Wins : 36 - Blocked Shots : 7 - Penalty Minutes : 8

Official

Referees : Chris Schlenker and Gord Dwyer
Linesman : Shandor Alphonso and Brandon Gawryletz

Game Notes

Joe Cannata enters game at 19:45 of 1st period

Finance

Level 1 -- Attendance: 6000 (100.00%) -- Ticket Income $600,000
Level 2 -- Attendance: 4757 (95.14%) -- Ticket Income $285,420
Level 3 -- Attendance: 1828 (91.40%) -- Ticket Income $63,980
Level 4 -- Attendance: 4000 (100.00%) -- Ticket Income $100,000
Luxury Box -- Attendance: 992 (99.20%) -- Ticket Income $198,400
Game was played at the United Center.
Total Attendance: 17577 (97.65%)
Total Ticket Income: $1,247,800
Other Income: $187,170
Total Income: $1,434,970

Sabres

5 vs 5 Forward 
   Center                   Left Wing                Right Wing               Time % Phy DF OF 
 1 Sidney Crosby            Teuvo Teravainen         Tyler Johnson            40     1   2  2  
 2 Evgeni Malkin            William Nylander         Sam Gagner               30     1   2  2  
 3 Logan Couture            Adrian Kempe             Kyle Okposo              20     1   2  2  
 4 William Karlsson         Ryan Kesler              Brian Ferlin             10     1   2  2  

5 vs 5 Defense 
   Defense                  Defense                                           Time % Phy DF OF 
 1 Ben Hutton               Aaron Ekblad                                      40     1   2  2  
 2 Nate Schmidt             Colton Parayko                                    30     1   2  2  
 3 Morgan Rielly            Nikita Zaitsev                                    20     1   2  2  
 4 Aaron Ekblad             Colton Parayko                                    10     1   2  2  

PowerPlay Forward 
   Center                   Left Wing                Right Wing               Time % Phy DF OF 
 1 Sidney Crosby            Teuvo Teravainen         Tyler Johnson            60     1   2  2  
 2 Evgeni Malkin            William Nylander         Sam Gagner               40     1   2  2  

PowerPlay Defense
   Defense                  Defense                                           Time % Phy DF OF 
 1 Aaron Ekblad             Colton Parayko                                    60     1   2  2  
 2 Adrian Kempe             Morgan Rielly                                     40     1   2  2  

Penalty Kill 4 Players Forward 
   Center                   Wing                     Time % Phy DF OF 
 1 William Karlsson         Brian Ferlin             60     1   2  2  
 2 Logan Couture            Kyle Okposo              40     1   2  2  

Penalty Kill 4 Players Defense
   Defense                  Defense                  Time % Phy DF OF 
 1 Ben Hutton               Colton Parayko           60     1   2  2  
 2 Nate Schmidt             Nikita Zaitsev           40     1   2  2  

Penalty Kill - 3 Players Forward 
   Forward                                           Time % Phy DF OF 
 1 William Karlsson                                  60     1   2  2  
 2 Logan Couture                                     40     1   2  2  

Penalty Kill - 3 Players Defense
   Defense                  Defense                  Time % Phy DF OF 
 1 Ben Hutton               Colton Parayko           60     1   2  2  
 2 Nate Schmidt             Nikita Zaitsev           40     1   2  2  

4 vs 4 Forward 
   Center                   Wing                     Time % Phy DF OF 
 1 Sidney Crosby            Tyler Johnson            60     1   2  2  
 2 Evgeni Malkin            Teuvo Teravainen         40     1   2  2  

4 vs 4 Defense
   Defense                  Defense                  Time % Phy DF OF 
 1 Morgan Rielly            Aaron Ekblad             60     1   2  2  
 2 Ben Hutton               Colton Parayko           40     1   2  2  

Last Minutes Offensive
   Center                   Left Wing                Right Wing               Defense                  Defense                  
   Sidney Crosby            Teuvo Teravainen         Tyler Johnson            Aaron Ekblad             Colton Parayko           

Last Minutes Defensive
   Center                   Left Wing                Right Wing               Defense                  Defense                  
   Sidney Crosby            Logan Couture            Brian Ferlin             Nikita Zaitsev           Colton Parayko           

Goaltenders
Starting : John Gibson              
Backup : Cam Talbot               

Extra Forwards
Normal : Sidney Crosby, Tyler Johnson, Evgeni Malkin - PP : Logan Couture, Kyle Okposo - PK : Adrian Kempe
Extra Defensemen
Normal : Aaron Ekblad, Colton Parayko, Morgan Rielly - PP : Nikita Zaitsev - PK : Nate Schmidt, Morgan Rielly
Penalty Shots
Sidney Crosby, Tyler Johnson, Teuvo Teravainen, William Nylander, Adrian Kempe
Custom OT Lines Forwards
Sidney Crosby, Tyler Johnson, Evgeni Malkin, Teuvo Teravainen, William Nylander, Adrian Kempe, Sam Gagner, Kyle Okposo, Logan Couture, William Karlsson
Custom OT Lines Defensemen
Aaron Ekblad, Colton Parayko, Morgan Rielly, Ben Hutton, Nikita Zaitsev

Scratches
None

Blackhawks

5 vs 5 Forward 
   Center                   Left Wing                Right Wing               Time % Phy DF OF 
 1 Jordan Staal             Johnny Gaudreau          Jakob Silfverberg        40     1   2  2  
 2 Nick Bonino              Antoine Roussel          Nick Bjugstad            30     1   2  2  
 3 James Wright             Brett Maclean            Corey Perry              20     1   2  2  
 4 Stefan Matteau           Andrew Mangiapane        Mike Amadio              10     1   2  2  

5 vs 5 Defense 
   Defense                  Defense                                           Time % Phy DF OF 
 1 Jamie McBain             Radko Gudas                                       40     1   2  2  
 2 Ben Harpur               Calvin de Haan                                    30     1   2  2  
 3 Petter Granberg          Robert Hagg                                       20     1   2  2  
 4 Jamie McBain             Radko Gudas                                       10     1   2  2  

PowerPlay Forward 
   Center                   Left Wing                Right Wing               Time % Phy DF OF 
 1 Jordan Staal             Johnny Gaudreau          Jakob Silfverberg        60     1   2  2  
 2 Nick Bonino              Antoine Roussel          Nick Bjugstad            40     1   2  2  

PowerPlay Defense
   Defense                  Defense                                           Time % Phy DF OF 
 1 Jamie McBain             Radko Gudas                                       60     1   2  2  
 2 Ben Harpur               Calvin de Haan                                    40     1   2  2  

Penalty Kill 4 Players Forward 
   Center                   Wing                     Time % Phy DF OF 
 1 Jordan Staal             Johnny Gaudreau          60     1   2  2  
 2 Nick Bonino              Antoine Roussel          40     1   2  2  

Penalty Kill 4 Players Defense
   Defense                  Defense                  Time % Phy DF OF 
 1 Jamie McBain             Radko Gudas              60     1   2  2  
 2 Ben Harpur               Calvin de Haan           40     1   2  2  

Penalty Kill - 3 Players Forward 
   Forward                                           Time % Phy DF OF 
 1 Jordan Staal                                      60     1   2  2  
 2 Nick Bonino                                       40     1   2  2  

Penalty Kill - 3 Players Defense
   Defense                  Defense                  Time % Phy DF OF 
 1 Jamie McBain             Radko Gudas              60     1   2  2  
 2 Ben Harpur               Calvin de Haan           40     1   2  2  

4 vs 4 Forward 
   Center                   Wing                     Time % Phy DF OF 
 1 Jordan Staal             Johnny Gaudreau          60     1   2  2  
 2 Nick Bonino              Antoine Roussel          40     1   2  2  

4 vs 4 Defense
   Defense                  Defense                  Time % Phy DF OF 
 1 Jamie McBain             Radko Gudas              60     1   2  2  
 2 Ben Harpur               Calvin de Haan           40     1   2  2  

Last Minutes Offensive
   Center                   Left Wing                Right Wing               Defense                  Defense                  
   Jordan Staal             Johnny Gaudreau          Jakob Silfverberg        Jamie McBain             Radko Gudas              

Last Minutes Defensive
   Center                   Left Wing                Right Wing               Defense                  Defense                  
   Jordan Staal             Johnny Gaudreau          Jakob Silfverberg        Jamie McBain             Radko Gudas              

Goaltenders
Starting : James Reimer             
Backup : Joe Cannata              

Extra Forwards
Normal : Jordan Staal, Corey Perry, Mike Amadio - PP : Jordan Staal, Corey Perry - PK : Jordan Staal
Extra Defensemen
Normal : Calvin de Haan, Petter Granberg, Robert Hagg - PP : Calvin de Haan - PK : Calvin de Haan, Petter Granberg
Penalty Shots
Johnny Gaudreau, Jakob Silfverberg, Nick Bjugstad, Antoine Roussel, Jordan Staal
Custom OT Lines Forwards
Johnny Gaudreau, Jakob Silfverberg, Nick Bjugstad, Antoine Roussel, Jordan Staal, Corey Perry, Mike Amadio, Nick Bonino, Brett Maclean, James Wright
Custom OT Lines Defensemen
Jamie McBain, Radko Gudas, Ben Harpur, Calvin de Haan, Petter Granberg

Scratches
None


% Time on Ice - Sabres

Lines # - Real PCT - Wanted PCT - Time Play
Normal Forward
1 - 37% - 40% - 16:19
2 - 27% - 30% - 11:49
3 - 20% - 20% - 9:02
4 - 16% - 10% - 7:06
Normal Defense
1 - 38% - 40% - 16:58
2 - 28% - 30% - 12:22
3 - 30% - 20% - 13:05
4 - 4% - 10% - 1:51
PP Forward
1 - 57% - 60% - 3:29
2 - 43% - 40% - 2:39
PP Defense
1 - 68% - 60% - 4:10
2 - 32% - 40% - 1:58
PK Forward
1 - 72% - 60% - 6:53
2 - 28% - 40% - 2:43
PK Defense
1 - 65% - 60% - 6:14
2 - 35% - 40% - 3:22
PK3 Forward
1 - 0% - 60%
2 - 0% - 40%
PK3 Defense
1 - 0% - 60%
2 - 0% - 40%
44 Forward
1 - 0% - 60%
2 - 0% - 40%
44 Defense
1 - 0% - 60%
2 - 0% - 40%
Last Minute Offensive  - 0:00
Last Minute Defensive  - 0:00
Total
Forward - 60:00
Defense - 60:00

% Time on Ice - Blackhawks

Lines # - Real PCT - Wanted PCT - Time Play
Normal Forward
1 - 35% - 40% - 15:36
2 - 27% - 30% - 12:05
3 - 24% - 20% - 10:31
4 - 14% - 10% - 6:04
Normal Defense
1 - 42% - 40% - 18:37
2 - 29% - 30% - 12:43
3 - 24% - 20% - 10:34
4 - 5% - 10% - 2:22
PP Forward
1 - 54% - 60% - 5:11
2 - 46% - 40% - 4:25
PP Defense
1 - 50% - 60% - 4:50
2 - 50% - 40% - 4:46
PK Forward
1 - 74% - 60% - 4:33
2 - 26% - 40% - 1:35
PK Defense
1 - 53% - 60% - 3:14
2 - 47% - 40% - 2:54
PK3 Forward
1 - 0% - 60%
2 - 0% - 40%
PK3 Defense
1 - 0% - 60%
2 - 0% - 40%
44 Forward
1 - 0% - 60%
2 - 0% - 40%
44 Defense
1 - 0% - 60%
2 - 0% - 40%
Last Minute Offensive  - 0:00
Last Minute Defensive  - 0:00
Total
Forward - 60:00
Defense - 60:00

Play-by-Play

1st period


0:01 of 1st period - Sidney Crosby wins face-off versus Jordan Staal in neutral zone.
0:04 of 1st period - Johnny Gaudreau is hit by Tyler Johnson and loses puck.
0:36 of 1st period - Snap shot by Sidney Crosby.
0:36 of 1st period - Deflect By Tyler Johnson.
0:36 of 1st period - Shot Misses the Net.
0:36 of 1st period - Puck is out of play.
0:37 of 1st period - Sam Gagner wins face-off versus Nick Bonino in Blackhawks zone.
1:02 of 1st period - Colton Parayko is hit by Stefan Matteau.
1:54 of 1st period - Snap shot by Corey Perry.
1:54 of 1st period - Shot Blocked by Tyler Johnson.
1:56 of 1st period - Wrist shot by Corey Perry.
1:56 of 1st period - Shot Blocked by Sidney Crosby.
2:08 of 1st period - Snap shot by Nick Bonino.
2:08 of 1st period - Stopped by John Gibson with a rebound.
2:50 of 1st period - Snap shot by Johnny Gaudreau.
2:50 of 1st period - Shot Blocked by Aaron Ekblad.
2:52 of 1st period - Slapshot by Jordan Staal.
2:52 of 1st period - Stopped by John Gibson without a rebound.
2:53 of 1st period - Evgeni Malkin wins face-off versus Jordan Staal in Sabres zone.
3:40 of 1st period - Snap shot by Johnny Gaudreau.
3:40 of 1st period - Goal by Johnny Gaudreau - Sabres : 0 - Blackhawks : 1.
3:41 of 1st period - Evgeni Malkin wins face-off versus Nick Bonino in neutral zone.
4:06 of 1st period - Corey Perry is hit by Teuvo Teravainen and loses puck.
4:29 of 1st period - Morgan Rielly is hit by Jakob Silfverberg and loses puck.
5:40 of 1st period - Nick Bjugstad is hit by Ben Hutton and loses puck.
6:03 of 1st period - Robert Hagg is hit by Colton Parayko and loses puck.
6:16 of 1st period - Snap shot by Corey Perry.
6:16 of 1st period - Shot Misses the Net.
6:22 of 1st period - Wrist shot by Brett Maclean.
6:22 of 1st period - Deflect By Corey Perry.
6:22 of 1st period - Shot Misses the Net.
6:22 of 1st period - Puck is out of play.
6:23 of 1st period - Sidney Crosby wins face-off versus James Wright in Sabres zone.
6:41 of 1st period - Icing by Corey Perry.
6:42 of 1st period - James Wright wins face-off versus Evgeni Malkin in Blackhawks zone.
6:42 of 1st period - James Wright is hit by Evgeni Malkin.
7:12 of 1st period - Wrist shot by Jordan Staal.
7:12 of 1st period - Shot Misses the Net.
7:14 of 1st period - Slapshot by Jakob Silfverberg.
7:14 of 1st period - Stopped by John Gibson with a rebound.
7:16 of 1st period - Slapshot by Calvin de Haan.
7:16 of 1st period - Shot Misses the Net.
7:29 of 1st period - Wrist shot by Logan Couture.
7:29 of 1st period - Stopped by James Reimer without a rebound.
7:30 of 1st period - Nick Bonino wins face-off versus Logan Couture in Blackhawks zone.
7:47 of 1st period - Snap shot by Kyle Okposo.
7:47 of 1st period - Shot Hit the Post.
8:05 of 1st period - Slapshot by Logan Couture.
8:05 of 1st period - Deflect By Kyle Okposo.
8:05 of 1st period - Shot Blocked by Robert Hagg.
8:05 of 1st period - Puck is out of play.
8:06 of 1st period - Jordan Staal wins face-off versus Evgeni Malkin in Blackhawks zone.
8:58 of 1st period - Mike Amadio is hit by Colton Parayko and loses puck.
9:16 of 1st period - Off-side.
9:17 of 1st period - Nick Bonino wins face-off versus Kyle Okposo in neutral zone.
9:32 of 1st period - Wrist shot by Logan Couture.
9:32 of 1st period - Goal by Logan Couture - Sabres : 1 - Blackhawks : 1.
9:33 of 1st period - Sidney Crosby wins face-off versus Jordan Staal in neutral zone.
9:33 of 1st period - Teuvo Teravainen is hit by Johnny Gaudreau and loses puck.
9:43 of 1st period - Minor Penalty to Calvin de Haan for Roughing.
9:44 of 1st period - Sidney Crosby wins face-off versus Jordan Staal in Blackhawks zone.
9:58 of 1st period - Wrist shot by Teuvo Teravainen.
9:58 of 1st period - Deflect By Sidney Crosby.
9:58 of 1st period - Stopped by James Reimer with a rebound.
10:00 of 1st period - Snap shot by Teuvo Teravainen.
10:00 of 1st period - Deflect By Jordan Staal.
10:00 of 1st period - Shot Misses the Net.
10:00 of 1st period - Puck is out of play.
10:01 of 1st period - Jordan Staal wins face-off versus Sidney Crosby in Blackhawks zone.
10:14 of 1st period - Wrist shot by Johnny Gaudreau.
10:14 of 1st period - Shot Misses the Net.
10:28 of 1st period - Snap shot by Sam Gagner.
10:28 of 1st period - Stopped by James Reimer with a rebound.
10:30 of 1st period - Slapshot by Morgan Rielly.
10:30 of 1st period - Stopped by James Reimer without a rebound.
10:31 of 1st period - Evgeni Malkin wins face-off versus Jordan Staal in Blackhawks zone.
11:43 of 1st period - Penalty to Calvin de Haan is over, Calvin de Haan is back on ice.
12:10 of 1st period - Mike Amadio is hit by Logan Couture and loses puck.
12:28 of 1st period - William Nylander is hit by Nick Bjugstad and loses puck.
12:35 of 1st period - Wrist shot by Colton Parayko.
12:35 of 1st period - Goal by Colton Parayko - Sabres : 2 - Blackhawks : 1.
12:36 of 1st period - Sidney Crosby wins face-off versus Jordan Staal in neutral zone.
12:53 of 1st period - Teuvo Teravainen is hit by Johnny Gaudreau and loses puck.
13:14 of 1st period - Wrist shot by William Nylander.
13:14 of 1st period - Stopped by James Reimer without a rebound.
13:15 of 1st period - James Wright wins face-off versus Evgeni Malkin in Blackhawks zone.
13:34 of 1st period - Corey Perry is hit by William Nylander and loses puck.
13:55 of 1st period - Snap shot by Teuvo Teravainen.
13:55 of 1st period - Stopped by James Reimer with a rebound.
14:20 of 1st period - Snap shot by Nick Bjugstad.
14:20 of 1st period - Stopped by John Gibson with a rebound.
14:52 of 1st period - Johnny Gaudreau is hit by Aaron Ekblad and loses puck.
15:11 of 1st period - Wrist shot by Teuvo Teravainen.
15:11 of 1st period - Stopped by James Reimer with a rebound.
15:13 of 1st period - Snap shot by Tyler Johnson.
15:13 of 1st period - Shot Misses the Net.
15:15 of 1st period - Slapshot by Nikita Zaitsev.
15:15 of 1st period - Shot Blocked by Calvin de Haan.
15:17 of 1st period - Slapshot by Teuvo Teravainen.
15:17 of 1st period - Shot Misses the Net.
15:39 of 1st period - Backhand shot by Antoine Roussel.
15:39 of 1st period - Shot Blocked by Kyle Okposo.
15:41 of 1st period - Slapshot by Nick Bjugstad.
15:41 of 1st period - Stopped by John Gibson without a rebound.
15:42 of 1st period - Sidney Crosby wins face-off versus James Wright in Sabres zone.
16:21 of 1st period - Backhand shot by Evgeni Malkin.
16:21 of 1st period - Stopped by James Reimer with a rebound.
16:41 of 1st period - Snap shot by Jakob Silfverberg.
16:41 of 1st period - Stopped by John Gibson without a rebound.
16:42 of 1st period - Johnny Gaudreau wins face-off versus Sidney Crosby in Sabres zone.
17:09 of 1st period - Sam Gagner is hit by Nick Bonino and loses puck.
17:54 of 1st period - Jamie McBain is hit by Ben Hutton and loses puck.
18:19 of 1st period - Slapshot by Johnny Gaudreau.
18:19 of 1st period - Stopped by John Gibson without a rebound.
18:20 of 1st period - Sidney Crosby wins face-off versus Jordan Staal in Sabres zone.
18:37 of 1st period - Snap shot by Tyler Johnson.
18:37 of 1st period - Stopped by James Reimer without a rebound.
18:38 of 1st period - Evgeni Malkin wins face-off versus Nick Bjugstad in Blackhawks zone.
19:16 of 1st period - Aaron Ekblad is hit by Johnny Gaudreau and loses puck.
19:29 of 1st period - Slapshot by Kyle Okposo.
19:29 of 1st period - Stopped by James Reimer without a rebound.
19:30 of 1st period - Logan Couture wins face-off versus James Wright in Blackhawks zone.
19:31 of 1st period - Wrist shot by Adrian Kempe.
19:31 of 1st period - Goal by Adrian Kempe - Sabres : 3 - Blackhawks : 1.
19:32 of 1st period - Jordan Staal wins face-off versus Sidney Crosby in neutral zone.
19:34 of 1st period - Minor Penalty to Jordan Staal for Hooking.
19:35 of 1st period - Sidney Crosby wins face-off versus James Wright in Blackhawks zone.
19:43 of 1st period - Snap shot by Tyler Johnson.
19:43 of 1st period - Stopped by James Reimer with a rebound.
19:45 of 1st period - Snap shot by Sidney Crosby.
19:45 of 1st period - Goal by Sidney Crosby - Sabres : 4 - Blackhawks : 1.
19:45 of 1st period - Joe Cannata enters game.
19:46 of 1st period - Sidney Crosby wins face-off versus Jordan Staal in neutral zone.
Goals for this period are 4 for Sabres vs 1 for Blackhawks.
Shots for this period are 15 for Sabres vs 8 for Blackhawks.

2nd period


0:01 of 2nd period - Jordan Staal wins face-off versus Sidney Crosby in neutral zone.
0:26 of 2nd period - Nick Bjugstad is hit by William Nylander and loses puck.
0:37 of 2nd period - Snap shot by Nick Bjugstad.
0:37 of 2nd period - Shot Blocked by Evgeni Malkin.
0:51 of 2nd period - Snap shot by Sam Gagner.
0:51 of 2nd period - Stopped by Joe Cannata with a rebound.
0:53 of 2nd period - Slapshot by Logan Couture.
0:53 of 2nd period - Deflect By Adrian Kempe.
0:53 of 2nd period - Shot Misses the Net.
0:53 of 2nd period - Puck is out of play.
0:54 of 2nd period - Jordan Staal wins face-off versus Logan Couture in Blackhawks zone.
1:24 of 2nd period - Off-side.
1:25 of 2nd period - Nick Bonino wins face-off versus Sidney Crosby in neutral zone.
1:58 of 2nd period - Snap shot by James Wright.
1:58 of 2nd period - Stopped by John Gibson with a rebound.
2:22 of 2nd period - Wrist shot by Colton Parayko.
2:22 of 2nd period - Deflect By Jakob Silfverberg.
2:22 of 2nd period - Stopped by Joe Cannata with a rebound.
2:39 of 2nd period - Snap shot by Jakob Silfverberg.
2:39 of 2nd period - Stopped by John Gibson without a rebound.
2:40 of 2nd period - Sidney Crosby wins face-off versus Nick Bonino in Sabres zone.
2:42 of 2nd period - Icing by Tyler Johnson.
2:43 of 2nd period - Nick Bonino wins face-off versus Sidney Crosby in Sabres zone.
3:13 of 2nd period - Icing by Nikita Zaitsev.
3:14 of 2nd period - Jordan Staal wins face-off versus Evgeni Malkin in Sabres zone.
3:25 of 2nd period - Snap shot by William Nylander.
3:25 of 2nd period - Deflect By Evgeni Malkin.
3:25 of 2nd period - Stopped by Joe Cannata with a rebound.
3:37 of 2nd period - Wrist shot by William Nylander.
3:37 of 2nd period - Stopped by Joe Cannata with a rebound.
3:39 of 2nd period - Snap shot by Sam Gagner.
3:39 of 2nd period - Stopped by Joe Cannata without a rebound.
3:40 of 2nd period - Teuvo Teravainen wins face-off versus Nick Bonino in Blackhawks zone.
3:45 of 2nd period - Snap shot by Sidney Crosby.
3:45 of 2nd period - Stopped by Joe Cannata with a rebound.
4:06 of 2nd period - Brett Maclean is hit by Aaron Ekblad and loses puck.
4:55 of 2nd period - Snap shot by William Nylander.
4:55 of 2nd period - Shot Misses the Net.
4:57 of 2nd period - Snap shot by Sam Gagner.
4:57 of 2nd period - Shot Misses the Net.
4:59 of 2nd period - Wrist shot by Evgeni Malkin.
4:59 of 2nd period - Shot Misses the Net.
5:01 of 2nd period - Wrist shot by William Nylander.
5:01 of 2nd period - Shot Misses the Net.
5:51 of 2nd period - Jamie McBain is hit by Ben Hutton and loses puck.
6:02 of 2nd period - Snap shot by William Nylander.
6:02 of 2nd period - Shot Misses the Net.
6:14 of 2nd period - Slapshot by Jamie McBain.
6:14 of 2nd period - Deflect By Nick Bjugstad.
6:14 of 2nd period - Shot Blocked by Adrian Kempe.
6:14 of 2nd period - Puck is out of play.
6:15 of 2nd period - Nick Bonino wins face-off versus Logan Couture in Sabres zone.
6:16 of 2nd period - Wrist shot by Nick Bjugstad.
6:16 of 2nd period - Stopped by John Gibson without a rebound.
6:17 of 2nd period - Tyler Johnson wins face-off versus Nick Bonino in Sabres zone.
6:17 of 2nd period - Tyler Johnson is hit by Antoine Roussel.
6:20 of 2nd period - Minor Penalty to Aaron Ekblad for Roughing.
6:21 of 2nd period - Jordan Staal wins face-off versus William Karlsson in Sabres zone.
6:21 of 2nd period - Wrist shot by Jakob Silfverberg.
6:21 of 2nd period - Deflect By Jordan Staal.
6:21 of 2nd period - Stopped by John Gibson with a rebound.
6:53 of 2nd period - Ben Hutton is hit by Ben Harpur and loses puck.
7:16 of 2nd period - Backhand shot by Logan Couture.
7:16 of 2nd period - Shot Misses the Net.
7:44 of 2nd period - Wrist shot by Adrian Kempe.
7:44 of 2nd period - Shot Misses the Net.
8:20 of 2nd period - Penalty to Aaron Ekblad is over, Aaron Ekblad is back on ice.
8:37 of 2nd period - Off-side.
8:38 of 2nd period - Stefan Matteau wins face-off versus Evgeni Malkin in neutral zone.
8:41 of 2nd period - Slapshot by Petter Granberg.
8:41 of 2nd period - Shot Misses the Net.
8:50 of 2nd period - Off-side.
8:51 of 2nd period - James Wright wins face-off versus Sidney Crosby in neutral zone.
9:08 of 2nd period - Snap shot by James Wright.
9:08 of 2nd period - Stopped by John Gibson with a rebound.
9:30 of 2nd period - Snap shot by Johnny Gaudreau.
9:30 of 2nd period - Shot Misses the Net.
11:25 of 2nd period - Nate Schmidt is hit by Nick Bjugstad and loses puck.
11:46 of 2nd period - Slapshot by Stefan Matteau.
11:46 of 2nd period - Deflect By Tyler Johnson.
11:46 of 2nd period - Stopped by John Gibson with a rebound.
12:06 of 2nd period - James Wright is hit by William Karlsson.
13:13 of 2nd period - Snap shot by Stefan Matteau.
13:13 of 2nd period - Stopped by John Gibson without a rebound.
13:14 of 2nd period - Jordan Staal wins face-off versus Sidney Crosby in Sabres zone.
13:44 of 2nd period - Icing by Colton Parayko.
13:45 of 2nd period - Nick Bonino wins face-off versus Teuvo Teravainen in Sabres zone.
13:56 of 2nd period - Off-side.
13:57 of 2nd period - Johnny Gaudreau wins face-off versus Evgeni Malkin in neutral zone.
14:20 of 2nd period - Minor Penalty to Sam Gagner for Holding.
14:21 of 2nd period - Jordan Staal wins face-off versus William Karlsson in Sabres zone.
16:20 of 2nd period - Penalty to Sam Gagner is over, Sam Gagner is back on ice.
16:50 of 2nd period - Slapshot by Calvin de Haan.
16:50 of 2nd period - Shot Misses the Net.
16:52 of 2nd period - Slapshot by Ben Harpur.
16:52 of 2nd period - Deflect By Stefan Matteau.
16:52 of 2nd period - Stopped by John Gibson with a rebound.
16:54 of 2nd period - Slapshot by Ben Harpur.
16:54 of 2nd period - Goal by Ben Harpur - Sabres : 4 - Blackhawks : 2.
16:55 of 2nd period - Sidney Crosby wins face-off versus Jordan Staal in neutral zone.
17:06 of 2nd period - Wrist shot by Johnny Gaudreau.
17:06 of 2nd period - Stopped by John Gibson without a rebound.
17:07 of 2nd period - Jordan Staal wins face-off versus Sidney Crosby in Sabres zone.
17:10 of 2nd period - Snap shot by Jakob Silfverberg.
17:10 of 2nd period - Shot Blocked by Teuvo Teravainen.
17:24 of 2nd period - Snap shot by Johnny Gaudreau.
17:24 of 2nd period - Stopped by John Gibson with a rebound.
17:41 of 2nd period - William Nylander is hit by Antoine Roussel and loses puck.
17:48 of 2nd period - Wrist shot by Nick Bonino.
17:48 of 2nd period - Deflect By Aaron Ekblad.
17:48 of 2nd period - Stopped by John Gibson without a rebound.
17:49 of 2nd period - James Wright wins face-off versus Sidney Crosby in Sabres zone.
17:52 of 2nd period - Slapshot by Brett Maclean.
17:52 of 2nd period - Shot Blocked by Nate Schmidt.
17:54 of 2nd period - Wrist shot by Corey Perry.
17:54 of 2nd period - Stopped by John Gibson without a rebound.
17:55 of 2nd period - James Wright wins face-off versus Sidney Crosby in Sabres zone.
18:08 of 2nd period - Snap shot by Corey Perry.
18:08 of 2nd period - Deflect By James Wright.
18:08 of 2nd period - Shot Misses the Net.
18:08 of 2nd period - Puck is out of play.
18:09 of 2nd period - Sidney Crosby wins face-off versus Jordan Staal in Sabres zone.
18:11 of 2nd period - Minor Penalty to Teuvo Teravainen for Holding.
18:12 of 2nd period - William Karlsson wins face-off versus Jordan Staal in Sabres zone.
Goals for this period are 0 for Sabres vs 1 for Blackhawks.
Shots for this period are 6 for Sabres vs 13 for Blackhawks.

3rd period


0:01 of 3rd period - Jordan Staal wins face-off versus William Karlsson in neutral zone.
0:11 of 3rd period - Penalty to Teuvo Teravainen is over, Teuvo Teravainen is back on ice.
0:27 of 3rd period - Radko Gudas is hit by Ben Hutton and loses puck.
0:48 of 3rd period - Slapshot by Radko Gudas.
0:48 of 3rd period - Shot Misses the Net.
0:52 of 3rd period - Wrist shot by James Wright.
0:52 of 3rd period - Shot Misses the Net.
0:54 of 3rd period - Snap shot by James Wright.
0:54 of 3rd period - Shot Misses the Net.
0:56 of 3rd period - Slapshot by Brett Maclean.
0:56 of 3rd period - Stopped by John Gibson with a rebound.
1:02 of 3rd period - Slapshot by Jamie McBain.
1:02 of 3rd period - Stopped by John Gibson with a rebound.
2:49 of 3rd period - Snap shot by Adrian Kempe.
2:49 of 3rd period - Deflect By Jakob Silfverberg.
2:49 of 3rd period - Goal by Adrian Kempe - Sabres : 5 - Blackhawks : 2.
2:50 of 3rd period - Sidney Crosby wins face-off versus Jordan Staal in neutral zone.
3:00 of 3rd period - Minor Penalty to Teuvo Teravainen for Hooking.
3:01 of 3rd period - Jordan Staal wins face-off versus William Karlsson in Sabres zone.
3:35 of 3rd period - Off-side.
3:36 of 3rd period - Logan Couture wins face-off versus Jordan Staal in neutral zone.
3:43 of 3rd period - Backhand shot by Logan Couture.
3:43 of 3rd period - Shot Blocked by Ben Harpur.
3:51 of 3rd period - Snap shot by Kyle Okposo.
3:51 of 3rd period - Shot Blocked by Ben Harpur.
3:53 of 3rd period - Wrist shot by Logan Couture.
3:53 of 3rd period - Stopped by Joe Cannata with a rebound.
3:55 of 3rd period - Wrist shot by Colton Parayko.
3:55 of 3rd period - Stopped by Joe Cannata with a rebound.
3:57 of 3rd period - Snap shot by Kyle Okposo.
3:57 of 3rd period - Shot Misses the Net.
3:59 of 3rd period - Slapshot by Colton Parayko.
3:59 of 3rd period - Deflect By Jakob Silfverberg.
3:59 of 3rd period - Stopped by Joe Cannata with a rebound.
4:01 of 3rd period - Wrist shot by Logan Couture.
4:01 of 3rd period - Shot Blocked by Ben Harpur.
4:03 of 3rd period - Slapshot by Ben Hutton.
4:03 of 3rd period - Stopped by Joe Cannata without a rebound.
4:04 of 3rd period - Nick Bonino wins face-off versus William Karlsson in Blackhawks zone.
4:13 of 3rd period - Wrist shot by Antoine Roussel.
4:13 of 3rd period - Stopped by John Gibson without a rebound.
4:14 of 3rd period - William Karlsson wins face-off versus Nick Bonino in Sabres zone.
4:40 of 3rd period - Wrist shot by Nick Bjugstad.
4:40 of 3rd period - Goal by Nick Bjugstad - Sabres : 5 - Blackhawks : 3.
4:41 of 3rd period - Jordan Staal wins face-off versus Sidney Crosby in neutral zone.
5:08 of 3rd period - Jamie McBain is hit by Sam Gagner and loses puck.
5:20 of 3rd period - Antoine Roussel is hit by Ben Hutton.
6:00 of 3rd period - Wrist shot by Ryan Kesler.
6:00 of 3rd period - Stopped by Joe Cannata with a rebound.
6:08 of 3rd period - Nikita Zaitsev is hit by Stefan Matteau and loses puck.
6:25 of 3rd period - Johnny Gaudreau is hit by Tyler Johnson and loses puck.
7:06 of 3rd period - Backhand shot by Ben Harpur.
7:06 of 3rd period - Shot Misses the Net.
7:08 of 3rd period - Wrist shot by Corey Perry.
7:08 of 3rd period - Shot Misses the Net.
7:10 of 3rd period - Snap shot by Corey Perry.
7:10 of 3rd period - Deflect By James Wright.
7:10 of 3rd period - Stopped by John Gibson with a rebound.
7:12 of 3rd period - Slapshot by Calvin de Haan.
7:12 of 3rd period - Deflect By James Wright.
7:12 of 3rd period - Stopped by John Gibson with a rebound.
7:14 of 3rd period - Snap shot by Corey Perry.
7:14 of 3rd period - Shot Misses the Net.
7:47 of 3rd period - Off-side.
7:48 of 3rd period - Jordan Staal wins face-off versus William Karlsson in neutral zone.
8:20 of 3rd period - Teuvo Teravainen is hit by Nick Bonino and loses puck.
8:49 of 3rd period - Minor Penalty to Petter Granberg for Hooking.
8:50 of 3rd period - Sidney Crosby wins face-off versus Jordan Staal in Blackhawks zone.
10:03 of 3rd period - Wrist shot by James Wright.
10:03 of 3rd period - Shot Misses the Net.
10:49 of 3rd period - Penalty to Petter Granberg is over, Petter Granberg is back on ice.
10:57 of 3rd period - Antoine Roussel is hit by Kyle Okposo and loses puck.
11:49 of 3rd period - Sam Gagner is hit by Jordan Staal.
12:03 of 3rd period - Sidney Crosby is hit by Robert Hagg.
12:13 of 3rd period - Ryan Kesler is hit by Petter Granberg and loses puck.
12:28 of 3rd period - Colton Parayko is hit by Johnny Gaudreau and loses puck.
12:36 of 3rd period - Colton Parayko is hit by Johnny Gaudreau and loses puck.
12:44 of 3rd period - Off-side.
12:45 of 3rd period - James Wright wins face-off versus William Nylander in neutral zone.
12:52 of 3rd period - Nikita Zaitsev is hit by Petter Granberg and loses puck.
13:20 of 3rd period - Snap shot by Nick Bjugstad.
13:20 of 3rd period - Shot Blocked by Sidney Crosby.
13:22 of 3rd period - Slapshot by Ben Harpur.
13:22 of 3rd period - Deflect By Antoine Roussel.
13:22 of 3rd period - Deflect By Aaron Ekblad.
13:22 of 3rd period - Shot Hit the Post.
13:22 of 3rd period - Puck is out of play.
13:23 of 3rd period - Nick Bonino wins face-off versus Teuvo Teravainen in Sabres zone.
13:31 of 3rd period - Minor Penalty to Nick Bonino for Roughing.
13:32 of 3rd period - Sidney Crosby wins face-off versus Jordan Staal in Blackhawks zone.
14:04 of 3rd period - Snap shot by Sam Gagner.
14:04 of 3rd period - Shot Blocked by Jamie McBain.
15:12 of 3rd period - Icing by Aaron Ekblad.
15:13 of 3rd period - James Wright wins face-off versus Evgeni Malkin in Sabres zone.
15:31 of 3rd period - Penalty to Nick Bonino is over, Nick Bonino is back on ice.
15:53 of 3rd period - Icing by Adrian Kempe.
15:54 of 3rd period - Nick Bonino wins face-off versus William Karlsson in Sabres zone.
16:03 of 3rd period - Snap shot by Nick Bjugstad.
16:03 of 3rd period - Stopped by John Gibson without a rebound.
16:04 of 3rd period - Nick Bonino wins face-off versus Logan Couture in Sabres zone.
16:15 of 3rd period - Wrist shot by Nick Bjugstad.
16:15 of 3rd period - Deflect By Nick Bonino.
16:15 of 3rd period - Shot Misses the Net.
16:15 of 3rd period - Puck is out of play.
16:16 of 3rd period - James Wright wins face-off versus Logan Couture in Sabres zone.
16:45 of 3rd period - Slapshot by Sidney Crosby.
16:45 of 3rd period - Shot Blocked by Johnny Gaudreau.
17:17 of 3rd period - Minor Penalty to Evgeni Malkin for Hooking.
17:18 of 3rd period - Jordan Staal wins face-off versus William Karlsson in Sabres zone.
17:35 of 3rd period - Johnny Gaudreau is hit by Brian Ferlin and loses puck.
19:17 of 3rd period - Penalty to Evgeni Malkin is over, Evgeni Malkin is back on ice.
19:30 of 3rd period - Petter Granberg is hit by Sidney Crosby and loses puck.
Goals for this period are 1 for Sabres vs 1 for Blackhawks.
Shots for this period are 6 for Sabres vs 7 for Blackhawks.